 Dungeon Crawl Stone Soup version 0.21-a0-496-g696f58f (webtiles) character file.

81 slep the Twirler (level 4, -5/35 HPs)
             Began as a Barachi Gladiator on Nov 23, 2017.
             Killed from afar by Sigmund (6 damage)
             ... with a magic dart
             ... on level 3 of the Dungeon.
             The game lasted 00:06:14 (1260 turns).

slep the Twirler (Barachi Gladiator)                Turns: 1260, Time: 00:06:15

Health: -5/35      AC:  7    Str: 14 (16) XL:     4   Next: 40%
Magic:  4/4        EV: 16    Int: 12 (13) God:
Gold:   101        SH:  0    Dex: 18 (19) Spells: 3/3 levels left

rFire    . . .     SeeInvis .   a - +0 quarterstaff
rCold    . . .     Gourm    .   (shield currently unavailable)
rNeg     . . .     Faith    .   i - +0 scale mail
rPois    .         Spirit   .   c - +0 helmet
rElec    .         Reflect  .   (no cloak)
rCorr    .         Harm     .   (no gloves)
MR       .....                  (no boots)
Stlth    ++........             (no amulet)
HPRegen  0.11/turn              n - ring of stealth
MPRegen  0.09/turn              (no ring)

@: confused, brilliant, agile, flying, slow
A: +LOS, swims, slowness 1, strong legs 1
a: Hop


You were on level 3 of the Dungeon.
You were not hungry.

You visited 1 branch of the dungeon, and saw 3 of its levels.

You collected 101 gold pieces.

Inventory:

Hand Weapons
 a - a +0 quarterstaff (weapon)
Missiles
 d - 3 throwing nets (quivered)
 r - 6 poisoned needles
Armour
 b - a +0 leather armour
 c - a +0 helmet (worn)
 i - a +0 scale mail (worn)
 t - a +1 animal skin
Jewellery
 n - a ring of stealth (left hand)
Scrolls
 e - 3 scrolls of remove curse {unknown}
 g - 2 scrolls of blinking {unknown}
 h - a scroll of random uselessness {unknown}
 p - a scroll of enchant armour {unknown}
Potions
 l - a potion of flight
 m - a potion of brilliance
 s - a potion of mutation {unknown}
 u - a potion of ambrosia {unknown}
Comestibles
 f - a bread ration
 k - a meat ration
 q - a royal jelly


   Skills:
 + Level 3.3 Fighting
 + Level 4.2 Staves
 + Level 2.1 Throwing
 + Level 1.5 Armour
 + Level 3.9 Dodging


You had 3 spell levels left.
You didn't know any spells.

Dungeon Overview and Level Annotations

Branches:
Dungeon (3/15)

Altars:

Annotations:
D:3 Sigmund


Innate Abilities, Weirdness & Mutations

Shadows flee at your approach. (+LOS)
You can swim through water.
You cover ground slowly.
You can hop short distances.


Message History

* * * LOW HITPOINT WARNING * * *
You closely miss something. You sock something! Something hits you.
* * * LOW HITPOINT WARNING * * *
You miss something. Something hits you but does no damage.
You hit something. You miss something. Something hits you but does no damage.
You hit something.
You hear some strange, mumbled words.
You are confused.
You bump into the rock wall.
Something hits you.
* * * LOW HITPOINT WARNING * * *
Something hits you but does no damage.
You bump into the rock wall.
Something closely misses you.
You barely miss something.
You hear some strange, mumbled words.
A magic dart appears from out of thin air!
The magic dart hits you!
You die...

#.# #.# #.# #.#
#.# #.# #.# #{#
#########
#@########........
#................#
##########.#####.#
#....<# #..#..#
.....#### #.....#
#######


There were no monsters in sight!

Vanquished Creatures
  Robin (D:2)
  An adder (D:2)
  3 dart slugs
  A leopard gecko (D:1)
  2 giant cockroaches (D:1)
  14 goblins
  5 hobgoblins
  5 jackals
  5 bats
  2 frilled lizards
  6 kobolds
  3 rats (D:1)
48 creatures vanquished.

Notes
Turn   | Place    | Note
-------+----------+-------------------------------------------
     0 | D:1      | slep the Barachi Gladiator began the quest for the Orb.
     0 | D:1      | Reached XP level 1. HP: 17/17 MP: 1/1
   120 | D:1      | Reached XP level 2. HP: 13/23 MP: 2/2
   293 | D:1      | Reached XP level 3. HP: 10/28 MP: 3/3
   556 | D:2      | Reached skill level 4 in Staves
   556 | D:2      | Reached skill level 1 in Armour
   781 | D:2      | Reached XP level 4. HP: 35/35 MP: 4/4
   979 | D:2      | Noticed Robin
  1019 | D:2      | Killed Robin
  1236 | D:3      | Noticed Sigmund
  1256 | D:3      | HP: 1/35 [something (4)]
  1260 | D:3      | Killed from afar by Sigmund

Vault maps used:
D:1:      nicolae_arrival_memento_mori, dk_noncrumbling_3
D:2:      uniq_robin
D:3:      minitemple, guppyfry_early_orc_mine, uniq_sigmund

Skill      XL: |  1  2  3 |
---------------+----------+-----
Fighting       | 3 |  3.3
Staves         | 4 |  4.2
Armour         | 1 |  1.5
Throwing       | |  2.1
Dodging        | |  3.9

Action                   |  1- 3 |  4- 6 || total
-------------------------+-------+-------++-------
Melee: Quarterstaff      |   120 |    58 ||   178
  Use: Potion            |       |     4 ||     4
  Eat: Chunk             |       |     2 ||     2
Armor: Leather armour    |    13 |       ||    13
       Scale mail        |    57 |    21 ||    78
Dodge: Dodged            |    90 |    25 ||   115

Table legend:
 A = Spawn XP
 B = Non-spawn XP
 C = Spawn XP percentage of total XP
 D = Spawn monster count
 E = Non-spawn monster count
 F = Spawn count percentage of total count
 G = Total turns spent on level
                    A         B        C        D         E        F      G
               +---------+---------+-------+---------+---------+-------+---------
         Total |       0 |     116 |   0.0 |       0 |      48 |   0.0 |  1260
               +---------+---------+-------+---------+---------+-------+---------
           D:1 |       0 |      44 |   0.0 |       0 |      24 |   0.0 |   460
           D:2 |       0 |      72 |   0.0 |       0 |      24 |   0.0 |   762
               +---------+---------+-------+---------+---------+-------+---------
